Map: Winter's Gate LE

Players

Behemoth

  • Race: Terran Terran
  • League: Bronze
  • Spawn Location: 5:00

Djorn - Winner!

  • Race: Protoss Protoss
  • League: Silver
  • Spawn Location: 11:00

VOD

Have the link to the VOD?

Description

Time

  • Played on: Aug. 26, 2019, 10:59 p.m.
  • Length: 10:30
Show
View Real Time Build Order
Export as new Build Order

Behemoth Terran 

Build Orders:  

Get SALT Encoding   

  12  0:00  SCV  
  13  0:15  Supply Depot  
  13  0:19  SCV  
  14  0:34  SCV  
  15  0:38  Barracks  
  15  0:46  SCV  
  16  0:50  Supply Depot  
  16  0:58  SCV  
  16  1:01  Refinery  
  17  1:21  SCV  
  18  1:26  Marine  
  19  1:45  Orbital Command  
  19  2:01  Marine  
  20  2:11  SCV  
  21  2:15  Factory  
  21  2:19  Marine  
  22  2:27  Barracks  
  22  2:34  Barracks  
  22  2:35  SCV  
  23  2:40  Refinery  
  23  2:42  Marine  
  24  2:47  SCV  
  25  2:59  Factory Tech Lab  
  25  3:01  Marine  
  25  3:04  SCV  
  27  3:19  Supply Depot  
  27  3:22  Marine  
  27  3:24  Barracks Tech Lab  
  27  3:26  Barracks Tech Lab  
  28  3:31  Starport  
  28  3:35  Siege Tank  
  31  3:42  Supply Depot  
  31  3:48  Command Center, Marine  
  32  3:56  Stimpack  
  32  4:05  Engineering Bay  
  32  4:07  Marine  
  33  4:13  Starport Reactor  
  33  4:18  Supply Depot  
  33  4:28  Marine  
  33  4:29  Marine  
  33  4:31  Marine  
  35  4:48  Marine  
  35  4:49  Marine  
  35  4:51  Widow Mine  
  39  4:52  Medivac  
  41  5:12  Orbital Command  
  41  5:22  Medivac  
  41  5:24  Marine x2  
  41  5:26  Combat Shield  
  45  5:39  Terran Infantry Weapons Level 1  
  45  5:43  Supply Depot  
  45  5:50  Marine  
  45  5:54  Marine  
  45  5:55  Marine  
  48  6:00  SCV  
  48  6:02  SCV  
  47  6:12  SCV  
  37  6:23  Marine x2  
  37  6:24  Marine  
  38  6:30  SCV  
  39  6:33  Medivac x2  
  43  6:47  Marine  
  43  6:49  Barracks Reactor, Marine  
  45  6:56  SCV  
  45  6:58  SCV  
  47  7:06  Marine  
  49  7:09  SCV  
  49  7:10  Marauder, SCV  
  49  7:15  Medivac  
  54  7:17  Widow Mine  
  54  7:22  SCV  
  57  7:26  Barracks, SCV  
  58  7:34  Marauder  
  58  7:35  Marine x2  
  62  7:39  Widow Mine  
  64  7:45  Barracks Reactor  
  64  7:52  Medivac  
  64  7:58  Marauder  
  68  7:59  Marine x2  
  68  8:03  Factory Reactor  
  70  8:17  Marine x2  
  70  8:19  Marine  
  45  8:41  Marine x4  
  39  8:46  Marine  
  38  8:59  Marine x4  
  42  9:04  Marine  
  40  9:16  Marine  
  40  9:17  Marine  
  38  9:19  Marine  
Show
View Real Time Build Order
Export as new Build Order

Djorn Protoss - Winner!

Build Orders:  

Get SALT Encoding   

  12  0:02  Probe  
  13  0:20  Pylon  
  13  0:24  Probe  
  14  0:35  Probe  
  14  0:42  Gateway  
  15  0:43  Probe  
  16  0:51  Probe  
  16  0:56  Assimilator  
  17  1:03  Probe  
  18  1:10  Assimilator  
  18  1:15  Probe  
  19  1:23  Gateway  
  19  1:27  Probe  
  20  1:34  Cybernetics Core  
  20  1:39  Probe  
  21  1:51  Probe  
  22  2:24  Pylon  
  22  2:42  Pylon, Adept x2  
  26  2:49  Pylon  
  26  3:10  Robotics Facility  
  26  3:20  Gateway  
  26  3:23  Gateway  
  26  3:26  Gateway  
  26  3:35  Stalker  
  26  3:37  Stalker  
  30  3:50  Warp Gate  
  30  3:55  Observer  
  31  4:05  Adept  
  31  4:07  Adept  
  35  4:11  Immortal  
  35  4:16  Zealot  
  43  4:17  Zealot  
  43  4:41  Warp Prism  
  43  4:52  Probe  
  46  5:04  Probe  
  47  5:49  Pylon  
  47  5:51  Pylon  
  47  5:55  Pylon  
  47  5:57  Pylon  
  47  6:07  Immortal, Probe  
  46  6:19  Probe  
  47  6:31  Probe  
  47  6:32  Zealot x4  
  56  6:35  Adept  
  58  6:43  Nexus  
  58  7:30  Immortal  
  62  7:57  Adept x5  
  72  8:10  Immortal  
  66  8:42  Zealot x5  
  76  8:49  Immortal  
  80  9:03  Stalker x4  
  80  9:04  Stalker  
  80  9:28  Immortal  
Tags
 
Matchup
PvT
Replay Pack
sc2replays
Spawn Locations
Cross Positions
Add a new tag
Caveats
  • Supply blocks, unpowered buildings, or Contaminate may cause inaccurate times.
  • Supply counts are checked every 10 seconds.